 Dungeon Sprint DCSS version 0.30-a0-469-g84de5afbc5 (webtiles) character file.

Game seed: 15392481501946825749

320 rocky1 the Carver (level 6, -6/61 HPs)
             Began as a Merfolk Gladiator on Dec 20, 2022.
             Was an Initiate of Gozag.
             Mangled by a spatial vortex (22 damage)
             ... in the Dungeon (Sprint III: "The Ten Rune Challenge").
             The game lasted 00:02:00 (417 turns).

rocky1 the Carver (Merfolk Gladiator)                Turns: 417, Time: 00:02:00

Health: -6/61      AC:  4    Str: 15    XL:     6   Next: 46%
Magic:  6/6        EV: 13    Int:  7    God:    Gozag
Gold:   17         SH:  0    Dex: 17    Spells: 5/5 levels left

rFire   . . .      SeeInvis .    a - +0 long sword
rCold   . . .      Faith    .    (no shield)
rNeg    . . .      Spirit   .    b - +0 leather armour
rPois   .          Reflect  .    c - +0 helmet
rElec   .          Harm     .    (no cloak)
rCorr   .          Rampage  .    (no gloves)
Will    .....      NoTele   +    (no boots)
Stlth   +.........               (no amulet)
HPRegen 0.30/turn                (no ring)
MPRegen 0.10/turn                (no ring)

@: no status effects
A: (nimble swimmer 2), mertail, robust 1
a: Renounce Religion, Potion Petition, Call Merchant, Bribe Branch


You were in the Dungeon.
You worshipped Gozag.
Gozag was noncommittal.
You visited 1 branch You collected 17 gold pieces.

Inventory:

Hand Weapons
 a - a +0 long sword (weapon)
Missiles
 d - 2 throwing nets (quivered)
 e - a javelin
Armour
 b - a +0 leather armour (worn)
 c - a +0 helmet (worn)
Scrolls
 k - a scroll of blinking
 m - a scroll of torment {unknown}
 n - 2 scrolls of identify
 q - a scroll of poison {unknown}
 r - a scroll of magic mapping {unknown}
Potions
 f - a potion of curing
 g - a potion of mutation
 h - a potion of haste
 i - 2 potions of magic
 l - a potion of might {unknown}
 o - a potion of attraction {unknown}
 p - a potion of heal wounds
 s - 2 potions of flight
Miscellaneous
 j - a tin of tremorstones (2/2)


   Skills:
 + Level 8.3 Fighting
 - Level 13.4 Long Blades
 - Level 2.0 Throwing
 + Level 0.0 Armour
 + Level 4.0 Dodging
 + Level 0.0 Stealth
 + Level 0.0 Evocations


You had 5 spell levels left.
You didn't know any spells.
Your spell library was empty.

Dungeon Overview and Level Annotations

Branches:
Dungeon (1/1)

Altars:
Cheibriados
Fedhas
Gozag
Hepliaklqana
Makhleb
Nemelex Xobeh
Qazlal
Xom
Jiyva
Lugonu


Innate Abilities, Weirdness & Mutations

((You are very nimble when in or above water. (Stealth+, EV+, Speed+++)))
Your lower body shifts to a powerful aquatic tail in water.
You are robust. (+10% HP)


Message History

You start waiting.
You open the door.
A spatial vortex comes into view.
The spatial vortex moves out of view.
Found five altars.
Found a tin of tremorstones (2/2).
Found five altars.
There is an open door here.
There is a snail-covered altar of Cheibriados here.
There is a hazy altar of Hepliaklqana here.
There is an opulent altar of Gozag here.
You kneel at the altar of Gozag.
Gozag welcomes you!
Gozag waives the service fee.
The spatial vortex barely misses you.
There is a sparkling altar of Nemelex Xobeh here.
You see here a tin of tremorstones (2/2).
j - a tin of tremorstones (2/2) Unknown command.
Press < or > to pray at altars.
There is a shimmering altar of Xom here.
The spatial vortex hits you! Space warps around you.
There is a burning altar of Makhleb, spattered with blood here.
You slash the spatial vortex!
The spatial vortex is lightly damaged.
The spatial vortex hits you!!
* * * LOW HITPOINT WARNING * * *
Space warps around you.
* * * LOW HITPOINT WARNING * * *
You are too injured to fight recklessly!
The spatial vortex attacks as you move away!
The spatial vortex closely misses you.
There is a shimmering altar of Xom, spattered with blood here.
There is a sparkling altar of Nemelex Xobeh here.
There is an opulent altar of Gozag here.
There is a hazy altar of Hepliaklqana here.
There is a snail-covered altar of Cheibriados here.
The spatial vortex attacks as you move away!
The spatial vortex hits you!!
You die...
Your body crumbles into a pile of gold.

.....♣ ♣♣.# $ $ $
...~.♣♣♣..###+#+###+##$$
$
..~~♣.♣♣..#..........#$$
$ .~~~~♣♣...'.⌠........#
$$$
.~≈≈~~~♣..#...######'# $
$ $
~~≈~~~....#.⌠.#__#...#
~≈~~~.....#...#__#...#
~~~.......#+###__#...#
..........# $#v@#...+
..........# #__'...#
▓▓▓▓▓▓▓▓▓▓▓ ▓▓▓▓▓▓▓▓


You could see a spatial vortex.

Vanquished Creatures
  A shadow (D)
  A water elemental (D)
  A scorpion (D)
  A jelly (D)
  A human (D)
  4 rats (D)
9 creatures vanquished.

Notes
Turn   | Place    | Note
-------+----------+-------------------------------------------
     0 | D        | rocky1 the Merfolk Gladiator began the quest for the Orb.
     0 | D        | Reached XP level 1. HP: 16/16 MP: 1/1
     5 | D        | Reached skill level 4 in Long Blades
    18 | D        | Reached skill level 5 in Long Blades
    37 | D        | Noticed a scorpion
    49 | D        | Killed a scorpion
    50 | D        | Reached skill level 9 in Long Blades
    50 | D        | Reached XP level 2. HP: 7/22 MP: 2/2
    50 | D        | Reached XP level 3. HP: 8/27 MP: 3/3
    50 | D        | Reached XP level 4. HP: 10/33 MP: 4/4
    68 | D        | Reached skill level 10 in Long Blades
   149 | D        | Gained mutation: You occasionally shout uncontrollably at
                  | your foes. [potion of mutation]
   149 | D        | Gained mutation: Your movements are slightly less
                  | encumbered by armour. (ER -2) [potion of mutation]
   149 | D        | Gained mutation: Your spells are a little harder to cast,
                  | but a little more powerful. [potion of mutation]
   150 | D        | Lost mutation: You occasionally shout uncontrollably at
                  | your foes. [potion of mutation]
   150 | D        | Lost mutation: Your spells are a little harder to cast, but
                  | a little more powerful. [potion of mutation]
   150 | D        | Lost mutation: Your movements are slightly less encumbered
                  | by armour. (ER -2) [potion of mutation]
   150 | D        | Gained mutation: You are robust. (+10% HP) [potion of
                  | mutation]
   174 | D        | Noticed a water elemental
   181 | D        | Killed a water elemental
   182 | D        | Reached skill level 11 in Long Blades
   182 | D        | Reached XP level 5. HP: 47/47 MP: 5/5
   245 | D        | Reached skill level 5 in Fighting
   272 | D        | Noticed a shadow
   279 | D        | Killed a shadow
   280 | D        | Reached skill level 13 in Long Blades
   280 | D        | Reached XP level 6. HP: 51/61 MP: 6/6
   401 | D        | Found a blossoming altar of Fedhas.
   401 | D        | Found a stormy altar of Qazlal.
   401 | D        | Found a snail-covered altar of Cheibriados.
   401 | D        | Found a burning altar of Makhleb.
   401 | D        | Found a shimmering altar of Xom.
   401 | D        | Noticed a spatial vortex
   402 | D        | Found a hazy altar of Hepliaklqana.
   402 | D        | Found an opulent altar of Gozag.
   402 | D        | Found a sparkling altar of Nemelex Xobeh.
   402 | D        | Found a corrupted altar of Lugonu.
   402 | D        | Found a viscous altar of Jiyva.
   406 | D        | Became a worshipper of Gozag Ym Sagoz the Greedy
   417 | D        | Mangled by a spatial vortex

Illustrated notes

Levels and vault maps discovered:
D:        dungeon_sprint_mu [sprint_mu_entry_forest, sprint_mu_temple_rooms,
          sprint_mu_d1_horrors, sprint_mu_d2_genie, sprint_mu_d3_branching,
          sprint_mu_orc_legion, sprint_mu_elf_gauntlet, sprint_mu_hive_nellie,
          sprint_mu_lair_fedhas, sprint_mu_vaults_butterflies,
          sprint_mu_slime_circle, sprint_mu_swamp_cave, sprint_mu_shoals_kraken,
          sprint_mu_blade_basic, sprint_mu_crypt_lich, sprint_mu_tomb_spiral,
          sprint_mu_vestibule_basic, sprint_mu_gehenna_hellfire,
          sprint_mu_dis_giant, sprint_mu_tartarus_statrot,
          sprint_mu_cocytus_islands, sprint_mu_zot1]

Skill      XL: |  1  2  3  4  5 |
---------------+----------------+-----
Long Blades    | 9 11 13 | 13.4
Fighting       | 4 8 |  8.3
Throwing       | |  2.0
Dodging        | |  4.0

Action                   |  1- 3 |  4- 6 || total
-------------------------+-------+-------++-------
Melee: Long sword        |    12 |    33 ||    45
       Tailslap          |     1 |     2 ||     3
Throw: Throwing net      |     1 |     2 ||     3
  Use: Potion            |       |     4 ||     4
 Stab: Held in net/web   |     1 |       ||     1
Armor: Leather armour    |     2 |     3 ||     5
Dodge: Dodged            |     6 |    16 ||    22

Table legend: (Time is in decaauts)
 A = Elapsed time spent in this place.
 B = Non-inter-level travel time spent in this place.
 C = Inter-level travel time spent in this place.
 D = Time resting spent in this place.
 E = Time spent auto-exploring this place.
 F = Levels seen in this place.
 G = Mean time per level.
                   A        B        C        D        E       F      G
               +--------+--------+--------+--------+--------+-----+--------+
         Total |    418 |    418 |      0 |    242 |      0 |   1 |  418.0 |
       Dungeon |    418 |    418 |      0 |    242 |      0 |   1 |  418.0 |
               +--------+--------+--------+--------+--------+-----+--------+

Top non-repeatable levels by time:
       D: 418 daAuts
